 Dungeon Crawl Stone Soup version 0.21.1-1-g345015fe64 (webtiles) character file.

52 Liuhe the Stinger (level 3, -2/19 HPs)
             Began as a Tengu Venom Mage on May 25, 2018.
             Slain by a jackal (3 damage)
             ... on level 3 of the Dungeon.
             The game lasted 00:12:42 (1745 turns).

Liuhe the Stinger (Tengu Venom Mage)                Turns: 1745, Time: 00:12:43

Health: -2/19      AC:  4    Str:  8    XL:     3   Next: 85%
Magic:  0/7        EV: 12    Int: 16    God:
Gold:   72         SH:  0    Dex: 14    Spells: 4/7 levels left

rFire    . . .     SeeInvis .   i - +0 spear (venom)
rCold    . . .     Gourm    .   (no shield)
rNeg     . . .     Faith    .   m - +0 leather armour
rPois    .         Spirit   +   (helmet restricted)
rElec    .         Reflect  .   (no cloak)
rCorr    .         Harm     .   l - +0 pair of gloves (curse)
MR       .....                  (boots unavailable)
Stlth    +.........             h - amulet of guardian spirit
HPRegen  0.06/turn              (no ring)
MPRegen  0.10/turn              (no ring)

@: very slow
A: beak, talons 3
a: no special abilities


You were on level 3 of the Dungeon.
You were not hungry.

You visited 1 branch of the dungeon, and saw 3 of its levels.

You collected 72 gold pieces.

Inventory:

Hand Weapons
 d - a +1 dagger of speed
 i - a +0 spear of venom (weapon)
Missiles
 e - 54 stones (quivered)
 g - 21 bolts
 n - 38 sling bullets
 o - 10 arrows
Armour
 k - a +0 robe
 l - a cursed +0 pair of gloves (worn)
 m - a +0 leather armour (worn)
Jewellery
 h - an amulet of guardian spirit (around neck)
Scrolls
 a - 2 scrolls of identify
 f - 2 scrolls of remove curse
Books
 b - a Young Poisoner's Handbook

   Spells                             Type                      Level
   a - Sting                          Conjuration/Poison           1
   b - Poisonous Vapours              Poison/Air                   2
   c - Mephitic Cloud                 Conjuration/Poison/Air       3
   d - Olgreb's Toxic Radiance        Poison                       4
   e - Venom Bolt                     Conjuration/Poison           5
Comestibles
 c - 4 rations
 p - 3 chunks of flesh


   Skills:
 * Level 1.0 Polearms
 + Level 2.5 Dodging
 * Level 2.2 Stealth
 + Level 2.5 Spellcasting
 + Level 1.8 Conjurations
 + Level 0.1 Air Magic
 + Level 3.5 Poison Magic


You had 4 spell levels left.
You knew the following spells:

 Your Spells              Type           Power        Failure   Level  Hunger
a - Sting                 Conj/Pois      ##..         10%         1    #......
b - Poisonous Vapours     Pois/Air       #.....       21%         2    ##.....


Dungeon Overview and Level Annotations

Branches:
Dungeon (3/15)

Altars:
Ashenzari
Okawaru
Vehumet


Innate Abilities, Weirdness & Mutations

You have a beak for a mouth.
You have claws for feet.


Message History

The quokka closely misses you.
The jackal splashes around in the water.
The jackal bites the plant but does no damage.
Your unstable footing causes you to fumble your attack.
The jackal bites you but does no damage.
The orc priest hits the plant.
The goblin hits the plant but does no damage.
The orc hits you with a short sword.
* * * LOW HITPOINT WARNING * * *
The jackal bites the plant but does no damage.
The jackal misses you.
The quokka splashes around in the water.
The orc hits you with a club.
* * * LOW HITPOINT WARNING * * *
The orc hits the plant but does no damage.
A quokka comes into view.
You closely miss the orc. Your kick misses the orc. You peck the orc.
The orc is almost dead.
The jackal bites you.
You die... ...........#### .# ........♣♣..... ..###...≈≈.#### #≈♣..≈♣♣####. ...♣≈.≈gKo♣r?.>.
P♣PP≈.oooOS♣ ≈≈≈P≈.gggghK♣

≈P≈≈≈..ghrhh♣
P≈≈≈≈≈..oP@♣♣
≈≈≈≈≈♣..oooP♣
≈≈≈≈≈≈..oog≈♣
≈≈≈≈≈≈....≈≈♣
≈≈≈≈P≈...≈≈♣♣
≈≈≈≈....≈♣
P≈P≈≈...≈#
≈≈P≈...##


You could see an ogre, 2 orc priests, an orc wizard, 2 gnolls, an adder, 7 orcs,
2 quokkas, 4 jackals, 2 hobgoblins, 3 goblins and 2 kobolds.

Vanquished Creatures
  An adder (D:2)
  2 dart slugs (D:2)
  A leopard gecko (D:2)
  6 bats
  2 giant cockroaches
  4 goblins
  5 hobgoblins
  3 jackals (D:1)
  A quokka (D:2)
  2 ball pythons
  2 frilled lizards (D:1)
  3 kobolds
  4 rats
36 creatures vanquished.

Notes
Turn   | Place    | Note
-------+----------+-------------------------------------------
     0 | D:1      | Liuhe the Tengu Venom Mage began the quest for the Orb.
     0 | D:1      | Reached XP level 1. HP: 10/10 MP: 4/4
   358 | D:1      | Reached XP level 2. HP: 15/15 MP: 0/6
   684 | D:1      | Learned a level 2 spell: Poisonous Vapours
  1131 | D:2      | Reached XP level 3. HP: 19/19 MP: 1/7
  1205 | D:2      | Found a shattered altar of Ashenzari.
  1267 | D:2      | Found a radiant altar of Vehumet.
  1269 | D:2      | Found an iron altar of Okawaru.
  1375 | D:2      | Reached skill level 1 in Polearms
  1719 | D:3      | Noticed an ogre
  1745 | D:3      | Slain by a jackal

Skill      XL: |  1  2  3 |
---------------+----------+-----
Polearms       | 1 |  1.0
Dodging        | |  2.5
Stealth        | |  2.2
Spellcasting   | |  2.5
Conjurations   | |  1.8
Air Magic      | |  0.1
Poison Magic   | |  3.5

Action                   || total
-------------------------++-------
Melee: Spear             ||    51
       Kick              ||     9
       Peck              ||     6
Throw: Stone             ||     8
 Cast: Sting             ||    38
       Poisonous Vapours ||     3
  Use: Scroll            ||     1
       Potion            ||     1
  Eat: Ration            ||     1
Armor: Robe              ||    13
       Leather armour    ||     7
Dodge: Dodged            ||    74
